Map: Orbital Shipyard

Players

Chernobog - Winner!

  • Race: Terran Terran
  • League: Gold

KaYaK

  • Race: Zerg Zerg
  • League: Gold

VOD

Have the link to the VOD?

Description

Time

  • Played on: Sept. 3, 2015, 7:44 p.m.
  • Length: 10:25
Show
View Real Time Build Order
Export as new Build Order

Chernobog Terran - Winner!

Build Orders: Reaper Expand 

Get SALT Encoding   

  12  0:01  SCV  
  13  0:13  SCV  
  14  0:22  Supply Depot  
  14  0:25  SCV  
  15  0:43  SCV  
  15  0:45  Barracks  
  16  0:50  Refinery  
  16  0:55  SCV  
  17  1:08  SCV  
  18  1:23  SCV  
  19  1:32  Supply Depot  
  19  1:33  Command Center  
  19  1:41  Reaper  
  19  1:45  Orbital Command  
  20  1:59  Barracks  
  20  2:11  SCV  
  21  2:23  SCV  
  21  2:27  Factory  
  22  2:36  SCV  
  23  2:39  Barracks Tech Lab  
  23  2:46  Barracks Reactor  
  23  2:48  SCV  
  23  2:50  Refinery, Orbital Command  
  24  3:00  SCV  
  25  3:08  Command Center  
  25  3:12  SCV  
  26  3:18  Stimpack  
  28  3:33  Barracks  
  28  3:34  Barracks  
  28  3:35  Hellion x2  
  28  3:38  SCV x2  
  32  3:44  Supply Depot  
  32  3:51  SCV  
  32  3:54  Barracks Reactor  
  33  3:56  Marine  
  33  3:57  Hellion x2  
  39  4:02  SCV  
  39  4:08  SCV  
  40  4:14  SCV  
  40  4:16  Marine  
  42  4:30  Barracks Reactor x2  
  42  4:34  Marine x2  
  42  4:35  Hellion, Marauder  
  42  4:36  Hellion  
  50  4:38  Orbital Command  
  50  4:52  Marine  
  49  4:57  Hellion x2, Marauder, Marine  
  53  5:00  Orbital Command  
  53  5:02  SCV x2  
  55  5:09  Barracks  
  55  5:10  Marine  
  55  5:11  Barracks  
  55  5:14  SCV, Marine  
  57  5:15  SCV, Marine x4  
  57  5:18  Hellion, Marine  
  66  5:23  Hellion  
  66  5:24  Starport  
  66  5:26  SCV  
  66  5:27  SCV x2, Marine  
  72  5:31  Marine  
  72  5:32  Marine  
  72  5:33  Marine  
  75  5:36  Marauder  
  75  5:39  Armory  
  75  5:40  Hellion  
  79  5:49  Marine x4  
  83  5:50  Marine  
  83  5:54  SCV  
  83  5:55  SCV x2  
  87  5:58  Marauder  
  87  6:00  Marine  
  87  6:01  Barracks Reactor  
  87  6:04  Barracks Reactor  
  90  6:06  SCV  
  90  6:07  Marine  
  90  6:09  Supply Depot  
  90  6:10  Supply Depot  
  92  6:12  Marine  
  93  6:23  Starport Reactor  
  93  6:30  Marine x3  
  93  6:31  Marauder  
  98  6:37  Marine x4  
  98  6:38  Marine  
  72  6:47  Marine  
  72  6:48  Marine x4  
  72  6:49  Hellion  
  72  6:50  Hellion  
  72  6:52  Marauder  
  79  6:55  Marine  
  79  6:59  Marine  
  71  7:03  Marine x2  
  71  7:04  Marine  
  71  7:05  Marine  
  71  7:06  Marine  
  71  7:07  SCV  
  72  7:11  Hellion  
  72  7:13  Marine x4  
  72  7:14  Marauder  
  72  7:15  Command Center  
  80  7:16  Barracks, Medivac x2  
  80  7:17  Marine  
  80  7:18  Barracks  
  80  7:21  Marine x2  
  80  7:22  Engineering Bay, Marine  
  88  7:23  SCV x2, Marine x2  
  88  7:25  SCV  
  88  7:28  Hellion  
  95  7:30  Marine  
  95  7:31  Marine  
  95  7:32  Hellion  
  95  7:35  Marine x2, Marauder  
  103  7:48  Marine x3  
  103  7:49  Marine x2  
  99  7:54  Marine x4  
  99  7:56  Marauder, Marine  
  99  7:57  Hellion  
  108  8:03  Terran Infantry Weapons Level 1  
  108  8:05  Marine  
  108  8:07  Marine  
  108  8:08  Hellion  
  108  8:10  Supply Depot  
  108  8:11  Supply Depot, Marine x2  
  114  8:18  Marauder  
  114  8:19  Marine x3  
  99  8:29  Marine x4  
  99  8:30  Marine x3  
  89  8:34  Hellion x2  
  89  8:37  Marine x3  
  89  8:39  Marauder  
  97  8:46  Barracks Reactor, Marine  
  97  8:47  Barracks Reactor, Marine x4  
  97  8:48  Marine x2  
  104  8:54  Marine  
  104  8:55  Marine x2  
  107  8:56  Hellion x2  
  107  9:01  Marauder  
  107  9:04  Marine x3  
  107  9:05  Marine x3  
  107  9:06  Marine  
  107  9:09  Barracks  
  105  9:11  Medivac x2  
  105  9:12  Refinery, Engineering Bay, Marine x2  
  105  9:13  Marine  
  111  9:22  Marine x6, Marauder  
  119  9:24  SCV x2  
  121  9:35  Barracks  
  121  9:39  Marine x3  
  121  9:41  Marine x2  
  121  9:42  Marine  
  121  9:43  Marine x2  
  121  9:45  Marine x2  
  130  9:46  Marine x4  
  130  9:50  Hellion x2  
  121  10:03  Marine x2  
  108  10:07  Marine  
Show
View Real Time Build Order
Export as new Build Order

KaYaK Zerg 

Build Orders: 3 Hatch before Pool 

Get SALT Encoding   

  12  0:01  Drone  
  13  0:09  Drone  
  14  0:17  Overlord  
  15  0:35  Drone x2  
  15  0:38  Drone  
  17  0:56  Hatchery, Drone  
  17  1:00  Drone  
  18  1:18  Drone  
  19  1:24  Hatchery  
  18  1:28  Drone  
  19  1:42  Spawning Pool  
  19  1:43  Drone  
  19  1:47  Drone  
  19  1:53  Drone  
  21  2:05  Drone  
  22  2:08  Extractor  
  22  2:09  Drone  
  22  2:12  Drone  
  22  2:29  Queen x2  
  26  2:31  Zergling x4  
  26  2:32  Overlord  
  26  2:36  Zergling x2  
  29  2:39  Zergling x2  
  29  2:44  Queen  
  30  2:50  Zergling x4  
  34  3:04  Queen  
  36  3:08  Metabolic Boost  
  36  3:12  Drone x3  
  39  3:18  Drone x2  
  41  3:23  Drone  
  41  3:25  Overlord  
  42  3:31  Overlord, Extractor  
  41  3:37  Drone  
  42  3:47  Drone x4  
  46  3:48  Drone  
  46  3:49  Drone  
  46  3:50  Drone  
  46  3:52  Drone  
  50  3:59  Lair  
  50  4:01  Drone  
  51  4:05  Drone x2  
  51  4:09  Overlord  
  53  4:11  Drone  
  53  4:12  Drone  
  55  4:25  Drone x2  
  55  4:26  Drone  
  55  4:29  Drone x4  
  55  4:30  Drone, Roach Warren  
  63  4:40  Baneling Nest  
  59  4:56  Zergling x2  
  59  4:57  Zergling x12  
  59  4:58  Overlord x3  
  59  4:59  Overlord x2  
  66  5:08  Overlord x5  
  66  5:16  Drone, Extractor  
  66  5:17  Drone  
  66  5:18  Extractor  
  66  5:23  Centrifical Hooks  
  66  5:28  Evolution Chamber  
  65  5:29  Evolution Chamber  
  65  5:30  Drone x6  
  65  5:31  Drone x4  
  66  5:52  Zergling x8  
  66  5:53  Zergling x14  
  66  5:56  Extractor  
  76  5:58  Drone x3  
  76  6:01  Zerg Ground Armor Level 1  
  76  6:02  Zerg Melee Weapons Level 1  
  79  6:05  Zergling x4  
  79  6:07  Zergling x2  
  82  6:17  Baneling x4  
  82  6:18  Baneling x6  
  82  6:21  Zergling x12  
  82  6:22  Zergling x2  
  89  6:27  Spine Crawler  
  89  6:29  Spine Crawler  
  81  6:36  Zergling x2  
  81  6:37  Zergling x10  
  81  6:38  Queen  
  71  6:57  Zergling x2  
  71  6:58  Zergling x24  
  71  6:59  Baneling x2  
  82  7:06  Queen x2  
  86  7:09  Zergling x6  
  89  7:27  Zergling x6  
  89  7:28  Zergling x10  
  90  7:45  Zergling x2  
  90  7:46  Zergling x14  
  84  7:57  Drone x7  
  84  7:58  Drone  
  88  8:03  Baneling x4  
  88  8:07  Zerg Ground Armor Level 2, Zerg Melee Weapons Level 2  
  86  8:22  Zergling x8  
  84  8:28  Zergling x10  
  84  8:29  Zergling x10  
  87  8:37  Zergling x4  
  86  8:41  Baneling  
  86  8:42  Baneling x3  
  86  8:49  Spire  
  86  8:52  Baneling x4  
  86  8:53  Baneling x3  
  73  9:05  Zergling x16  
  73  9:06  Zergling x8  
  79  9:11  Zergling x4  
  79  9:14  Queen  
  79  9:15  Zergling x2  
  84  9:19  Zergling x12  
  84  9:20  Hatchery  
  89  9:25  Baneling x5  
  89  9:26  Baneling x3  
  89  9:27  Baneling x6  
  89  9:29  Baneling x7  
  89  9:30  Baneling x2  
  89  9:44  Drone  
  89  9:45  Drone x7, Extractor  
  95  9:46  Drone  
  95  9:50  Zergling x2  
  87  10:06  Zergling x18  
  86  10:10  Spine Crawler  
  86  10:13  Spine Crawler  
Tags
 
Add a new tag
Caveats
  • Supply blocks, unpowered buildings, or Contaminate may cause inaccurate times.
  • Supply counts are checked every 10 seconds.